Jets vs Flyers
Created - 11 novembre 2013 at 19:03
Goals
|
| Jets |
2 |
3 |
0 |
5 |
| Flyers |
1 |
0 |
2 |
3 |
|
Shots
|
| Jets |
15 |
10 |
10 |
35 |
| Flyers |
12 |
5 |
12 |
29 |
|
1st period
1. Flyers , Justin Williams 2 (Chris Kunitz) at 6:19
2. Jets , Daniel Alfredsson 5 (Jussi Jokinen, Michal Rozsival) at 12:28
3. Jets , Jason Allison 4 (Benoit Pouliot) at 14:12
Penalties :
Erik Cole (Phi) for Holding (Minor) at 7:43, Benoit Pouliot (Win) for Holding (Minor) at 7:48
2nd period
4. Jets , Daniel Alfredsson 6 (Jussi Jokinen, Kyle Wellwood) at 1:17
5. Jets , Daniel Alfredsson 7 (Eric Brewer) at 6:58
6. Jets , Michael Ryder 1 (Eric Brewer, Darroll Powe) at 14:50
Penalties :
Erik Cole (Phi) for Holding (Minor) at 7:07, Jussi Jokinen (Win) for Hooking (Minor) at 15:40, Boyd Gordon (Phi) for Hooking (Minor) at 18:19
3rd period
7. Flyers , Scottie Upshall 2 (Olli Jokinen) at 8:37
8. Flyers , Martin St. Louis 5 (Erik Cole, Sydney Crosby) at 15:30
Penalties :
Sydney Crosby (Phi) for Fighting (Major) at 1:56, Michal Rozsival (Win) for Fighting (Major) at 1:56, Eric Brewer (Win) for Roughing (Minor) at 12:54, Scott Hannan (Phi) for Goalie Interference (Minor) at 16:38
Goalie Stats
Maxime Daigneault (Win), 26 saves from 29 shots - (0,897), W, 5-5-0, 60:00 minutes
Chris Mason (Phi), 11 saves from 11 shots - (1,000), 25:10 minutes
Mathieu Garon (Phi), 19 saves from 24 shots - (0,792), L, 2-1-0, 34:50 minutes
Players Stats for Jets
Player Name G A P +/- PIM S H SB GA TA FO MP PP MP PK MP
------------------------------------------------------------------------------------
Adam Burish 0 0 0 1 0 3 1 1 1 0 0/0 19:36 2:55 0:48
Benoit Pouliot 0 1 1 1 2 2 1 0 0 1 0/0 20:19 3:00 1:17
Colin White 0 0 0 2 0 1 1 1 0 0 0/0 17:04 0:06 1:26
Daniel Alfredsson 3 0 3 2 0 5 4 0 1 0 0/1 19:04 3:01 1:58
Darroll Powe 0 1 1 -1 0 1 0 0 0 0 2/5 9:55 0:00 1:58
Dmitri Kalinin 0 0 0 2 0 2 6 1 1 1 0/0 25:07 2:49 2:32
Eric Brewer 0 2 2 1 2 0 2 1 0 0 0/0 26:53 3:13 0:46
Fredrik Sjostrom 0 0 0 0 0 2 2 0 0 0 0/1 12:03 0:00 0:00
Jason Allison 1 0 1 1 0 4 3 1 1 0 16/31 18:50 2:55 0:02
Jussi Jokinen 0 2 2 2 2 1 2 0 1 0 0/0 15:53 2:55 0:00
Kyle Wellwood 0 1 1 2 0 1 1 0 2 0 10/14 16:48 3:01 0:00
Michael Ryder 1 0 1 -1 0 2 0 0 0 0 0/0 8:20 0:06 0:00
Michal Rozsival 0 1 1 -2 5 2 3 1 0 0 0/0 19:51 3:13 0:50
Mike Commodore 0 0 0 0 0 1 0 2 0 1 0/0 17:43 0:00 2:32
Miroslav Satan 0 0 0 0 0 4 2 1 2 0 0/0 12:06 0:06 0:00
Nigel Dawes 0 0 0 -1 0 0 1 0 0 1 0/0 8:30 0:00 1:17
Roman Hamrlik 0 0 0 1 0 1 1 0 1 0 0/0 13:39 2:49 0:00
Tuomo Ruutu 0 0 0 0 0 3 0 0 1 0 2/6 12:18 0:00 0:46
Players Stats for Flyers
Player Name G A P +/- PIM S H SB GA TA FO MP PP MP PK MP
------------------------------------------------------------------------------------
Blair Betts 0 0 0 -2 0 3 4 0 0 0 4/6 14:24 0:22 1:28
Boyd Gordon 0 0 0 0 2 0 1 0 0 1 3/4 7:38 0:00 0:11
Chris Kunitz 0 1 1 0 0 0 0 1 0 0 0/1 10:20 0:28 1:48
Chris Pronger 0 0 0 -1 0 1 1 2 1 1 0/0 26:07 2:35 2:11
David Moss 0 0 0 -2 0 2 1 0 0 0 0/0 11:43 0:22 0:00
David Vyborny 0 0 0 0 0 1 0 0 0 0 0/0 15:08 1:34 0:00
Erik Cole 0 1 1 0 4 0 0 0 0 0 1/2 19:38 2:01 2:13
François Beauchemin 0 0 0 -1 0 4 1 0 1 1 0/0 21:27 1:28 0:00
James Wisniewski 0 0 0 0 0 0 2 0 0 0 0/0 21:36 2:35 2:11
Justin Williams 1 0 1 0 0 4 0 0 0 0 0/0 7:02 0:00 0:00
Martin St. Louis 1 0 1 0 0 1 1 0 1 1 1/2 19:24 2:07 1:02
Mike Lundin 0 0 0 -1 0 0 2 0 0 2 0/0 16:57 0:00 3:51
Nolan Pratt 0 0 0 -1 0 1 1 1 0 2 0/0 16:57 0:00 3:51
Olli Jokinen 0 1 1 0 0 0 3 0 0 1 7/17 20:22 1:34 3:21
Ryane Clowe 0 0 0 -2 0 6 3 0 0 0 0/0 12:21 0:00 0:48
Scott Hannan 0 0 0 0 2 0 1 1 0 0 0/0 17:12 1:28 0:00
Scottie Upshall 1 0 1 0 0 4 3 0 1 0 0/0 15:53 1:34 0:11
Sydney Crosby 0 1 1 0 5 2 1 0 0 2 12/26 17:50 2:07 1:02
3 Stars
1 - Daniel Alfredsson (Win)
2 - Jason Allison (Win)
3 - Scottie Upshall (Phi)
Power Play
Jets - 0 on 4 Attempt(s) - 0,00%
Flyers - 0 on 3 Attempt(s) - 0,00%
Penalty Kill
Jets - 3 on 3 Attempt(s) - 100,00%
- Score 0 goal in Penalty Kill
Flyers - 4 on 4 Attempt(s) - 100,00%
- Score 0 goal in Penalty Kill
Official
Referees : Lee Chris and Pochmara Brian
Linesman : Darren Gibbs and David Brisebois
Game Notes
Daniel Alfredsson has scored a Hat Trick!
Chris Mason enters game at 14:50 of 2nd period
Sydney Crosby and Michal Rozsival fight to a draw at 1:56 of 3rd period
Finance
Level 1 -- Attendance: 5163 (86,05%) -- Ticket Income 438 855 $
Level 2 -- Attendance: 4983 (99,66%) -- Ticket Income 249 150 $
Level 3 -- Attendance: 1714 (85,70%) -- Ticket Income 51 420 $
Level 4 -- Attendance: 3818 (95,45%) -- Ticket Income 76 360 $
Luxury Box -- Attendance: 973 (97,30%) -- Ticket Income 160 545 $
Game was played at the Wells Fargo Center
Total Attendance: 16651 (92,51%)
Total Ticket Income: 976 330 $
Other Income: 146 450 $
Total Income: 1 122 780 $
Jets
5 vs 5 Forward
Center Left Wing Right Wing Time % Phy DF OF
1 Jason Allison Benoit Pouliot Adam Burish 40 1 2 2
2 Kyle Wellwood Jussi Jokinen Daniel Alfredsson 30 1 2 2
3 Tuomo Ruutu Fredrik Sjostrom Miroslav Satan 20 1 2 2
4 Darroll Powe Nigel Dawes Michael Ryder 10 1 2 2
5 vs 5 Defense
Defense Defense Time % Phy DF OF
1 Eric Brewer Dmitri Kalinin 40 1 3 1
2 Michal Rozsival Mike Commodore 30 1 3 1
3 Colin White Roman Hamrlik 20 1 3 1
4 Eric Brewer Michal Rozsival 10 1 3 1
PowerPlay Forward
Center Left Wing Right Wing Time % Phy DF OF
1 Kyle Wellwood Benoit Pouliot Daniel Alfredsson 60 0 0 5
2 Jason Allison Adam Burish Jussi Jokinen 40 0 0 5
PowerPlay Defense
Defense Defense Time % Phy DF OF
1 Eric Brewer Michal Rozsival 60 1 2 2
2 Dmitri Kalinin Roman Hamrlik 40 1 2 2
Penalty Kill 4 Players Forward
Center Wing Time % Phy DF OF
1 Darroll Powe Daniel Alfredsson 60 0 4 1
2 Tuomo Ruutu Adam Burish 40 0 4 1
Penalty Kill 4 Players Defense
Defense Defense Time % Phy DF OF
1 Mike Commodore Dmitri Kalinin 60 0 5 0
2 Colin White Eric Brewer 40 0 5 0
Penalty Kill - 3 Players Forward
Forward Time % Phy DF OF
1 Darroll Powe 60 0 5 0
2 Adam Burish 40 0 5 0
Penalty Kill - 3 Players Defense
Defense Defense Time % Phy DF OF
1 Dmitri Kalinin Mike Commodore 60 0 5 0
2 Eric Brewer Colin White 40 0 5 0
4 vs 4 Forward
Center Wing Time % Phy DF OF
1 Jason Allison Adam Burish 60 1 2 2
2 Kyle Wellwood Daniel Alfredsson 40 1 2 2
4 vs 4 Defense
Defense Defense Time % Phy DF OF
1 Dmitri Kalinin Colin White 60 1 3 1
2 Michal Rozsival Eric Brewer 40 1 3 1
Last Minutes Offensive
Center Left Wing Right Wing Defense Defense
Jason Allison Benoit Pouliot Daniel Alfredsson Michal Rozsival Eric Brewer
Last Minutes Defensive
Center Left Wing Right Wing Defense Defense
Kyle Wellwood Adam Burish Daniel Alfredsson Eric Brewer Mike Commodore
Goaltenders
Starting : Maxime Daigneault
Backup : Ilya Bryzgalov
Extra Forwards
Normal : Jussi Jokinen, Michael Ryder, Miroslav Satan - PP : Michael Ryder, Miroslav Satan - PK : Nigel Dawes
Extra Defensemen
Normal : Eric Brewer, Dmitri Kalinin, Michal Rozsival - PP : Eric Brewer - PK : Michal Rozsival, Eric Brewer
Penalty Shots
Tuomo Ruutu, Daniel Alfredsson, Benoit Pouliot, Miroslav Satan, Jason Allison
Flyers
5 vs 5 Forward
Center Left Wing Right Wing Time % Phy DF OF
1 Sydney Crosby Erik Cole Martin St. Louis 40 1 2 2
2 Olli Jokinen Scottie Upshall David Vyborny 35 1 2 2
3 Blair Betts Ryane Clowe David Moss 20 1 2 2
4 Boyd Gordon Chris Kunitz Justin Williams 5 1 2 2
5 vs 5 Defense
Defense Defense Time % Phy DF OF
1 Chris Pronger James Wisniewski 35 1 2 2
2 François Beauchemin Scott Hannan 30 1 2 2
3 Mike Lundin Nolan Pratt 20 1 2 2
4 Chris Pronger François Beauchemin 15 1 2 2
PowerPlay Forward
Center Left Wing Right Wing Time % Phy DF OF
1 Sydney Crosby Erik Cole Martin St. Louis 60 1 2 2
2 Olli Jokinen Scottie Upshall David Vyborny 40 1 2 2
PowerPlay Defense
Defense Defense Time % Phy DF OF
1 Chris Pronger James Wisniewski 60 1 2 2
2 François Beauchemin Scott Hannan 40 1 2 2
Penalty Kill 4 Players Forward
Center Wing Time % Phy DF OF
1 Olli Jokinen Erik Cole 60 1 2 2
2 Sydney Crosby Martin St. Louis 40 1 2 2
Penalty Kill 4 Players Defense
Defense Defense Time % Phy DF OF
1 Nolan Pratt Mike Lundin 60 1 2 2
2 Chris Pronger James Wisniewski 40 1 2 2
Penalty Kill - 3 Players Forward
Forward Time % Phy DF OF
1 Olli Jokinen 60 1 2 2
2 Sydney Crosby 40 1 2 2
Penalty Kill - 3 Players Defense
Defense Defense Time % Phy DF OF
1 Nolan Pratt Mike Lundin 60 1 2 2
2 Chris Pronger James Wisniewski 40 1 2 2
4 vs 4 Forward
Center Wing Time % Phy DF OF
1 Sydney Crosby Martin St. Louis 60 1 2 2
2 Olli Jokinen Scottie Upshall 40 1 2 2
4 vs 4 Defense
Defense Defense Time % Phy DF OF
1 Chris Pronger James Wisniewski 60 1 2 2
2 François Beauchemin Scott Hannan 40 1 2 2
Last Minutes Offensive
Center Left Wing Right Wing Defense Defense
Sydney Crosby Ryane Clowe Martin St. Louis Chris Pronger James Wisniewski
Last Minutes Defensive
Center Left Wing Right Wing Defense Defense
Olli Jokinen Erik Cole Martin St. Louis Nolan Pratt Mike Lundin
Goaltenders
Starting : Mathieu Garon
Backup : Chris Mason
Extra Forwards
Normal : Sydney Crosby, Martin St. Louis, Olli Jokinen - PP : Sydney Crosby, Martin St. Louis - PK : Olli Jokinen
Extra Defensemen
Normal : Chris Pronger, François Beauchemin, Scott Hannan - PP : Chris Pronger - PK : Nolan Pratt, Mike Lundin
Penalty Shots
Sydney Crosby, Martin St. Louis, Erik Cole, Ryane Clowe, Scottie Upshall
% Time on Ice - Jets
Lines # - Real PCT - Wanted PCT - Time Play
Normal Forward
1 - 35% - 40% - 16:42
2 - 27% - 30% - 12:45
3 - 24% - 20% - 11:32
4 - 15% - 10% - 7:02
Normal Defense
1 - 35% - 40% - 17:00
2 - 32% - 30% - 15:30
3 - 23% - 20% - 11:09
4 - 9% - 10% - 4:22
PP Forward
1 - 52% - 60% - 3:07
2 - 48% - 40% - 2:55
PP Defense
1 - 53% - 60% - 3:13
2 - 47% - 40% - 2:49
PK Forward
1 - 81% - 60% - 3:17
2 - 19% - 40% - 0:46
PK Defense
1 - 63% - 60% - 2:32
2 - 37% - 40% - 1:31
PK3 Forward
1 - 0% - 60%
2 - 0% - 40%
PK3 Defense
1 - 0% - 60%
2 - 0% - 40%
44 Forward
1 - 65% - 60% - 1:14
2 - 35% - 40% - 0:40
44 Defense
1 - 57% - 60% - 1:05
2 - 43% - 40% - 0:49
Last Minute Offensive - 0:00
Last Minute Defensive - 0:00
Total
Forward - 60:00
Defense - 60:00
|
% Time on Ice - Flyers
Lines # - Real PCT - Wanted PCT - Time Play
Normal Forward
1 - 34% - 40% - 16:15
2 - 28% - 35% - 13:34
3 - 23% - 20% - 11:10
4 - 15% - 5% - 7:02
Normal Defense
1 - 33% - 35% - 15:39
2 - 32% - 30% - 15:36
3 - 25% - 20% - 12:04
4 - 10% - 15% - 4:42
PP Forward
1 - 61% - 60% - 2:29
2 - 39% - 40% - 1:34
PP Defense
1 - 64% - 60% - 2:35
2 - 36% - 40% - 1:28
PK Forward
1 - 83% - 60% - 5:00
2 - 17% - 40% - 1:02
PK Defense
1 - 64% - 60% - 3:51
2 - 36% - 40% - 2:11
PK3 Forward
1 - 0% - 60%
2 - 0% - 40%
PK3 Defense
1 - 0% - 60%
2 - 0% - 40%
44 Forward
1 - 70% - 60% - 1:20
2 - 30% - 40% - 0:34
44 Defense
1 - 68% - 60% - 1:18
2 - 32% - 40% - 0:36
Last Minute Offensive - 0:00
Last Minute Defensive - 0:00
Total
Forward - 60:00
Defense - 60:00
|
Play by Play
1st period
0:01 of 1st period - Sydney Crosby wins face-off versus Jason Allison in neutral zone.
0:12 of 1st period - Wrist shot by Sydney Crosby.
0:12 of 1st period - Shot Blocked by Dmitri Kalinin.
0:14 of 1st period - Wrist shot by Erik Cole.
0:14 of 1st period - Shot Misses the Net.
0:16 of 1st period - Wrist shot by James Wisniewski.
0:16 of 1st period - Deflect By Martin St. Louis.
0:16 of 1st period - Shot Blocked by Jason Allison.
0:16 of 1st period - Puck is out of play.
0:17 of 1st period - Kyle Wellwood wins face-off versus Olli Jokinen in Jets zone.
0:25 of 1st period - Icing by Mike Commodore.
0:26 of 1st period - Olli Jokinen wins face-off versus Kyle Wellwood in Jets zone.
0:55 of 1st period - Wrist shot by Daniel Alfredsson.
0:55 of 1st period - Shot Misses the Net.
1:41 of 1st period - Slapshot by Daniel Alfredsson.
1:41 of 1st period - Stopped by Mathieu Garon without a rebound.
1:42 of 1st period - Jason Allison wins face-off versus Sydney Crosby in Flyers zone.
2:07 of 1st period - Dmitri Kalinin is hit by Ryane Clowe and loses puck.
2:16 of 1st period - Snap shot by Blair Betts.
2:16 of 1st period - Stopped by Maxime Daigneault with a rebound.
3:08 of 1st period - Tuomo Ruutu is hit by Ryane Clowe and loses puck.
3:23 of 1st period - Slapshot by Dmitri Kalinin.
3:23 of 1st period - Deflect By Michael Ryder.
3:23 of 1st period - Stopped by Mathieu Garon without a rebound.
3:24 of 1st period - Boyd Gordon wins face-off versus Darroll Powe in Flyers zone.
4:01 of 1st period - Adam Burish is hit by Sydney Crosby and loses puck.
4:14 of 1st period - Wrist shot by Miroslav Satan.
4:14 of 1st period - Deflect By Tuomo Ruutu.
4:14 of 1st period - Shot Blocked by Chris Pronger.
4:14 of 1st period - Puck is out of play.
4:15 of 1st period - Blair Betts wins face-off versus Tuomo Ruutu in Flyers zone.
4:27 of 1st period - Icing by Michal Rozsival.
4:28 of 1st period - Tuomo Ruutu wins face-off versus Sydney Crosby in Jets zone.
4:41 of 1st period - Slapshot by Tuomo Ruutu.
4:41 of 1st period - Stopped by Mathieu Garon without a rebound.
4:42 of 1st period - Jason Allison wins face-off versus Olli Jokinen in Flyers zone.
4:49 of 1st period - Wrist shot by Adam Burish.
4:49 of 1st period - Stopped by Mathieu Garon without a rebound.
4:50 of 1st period - Olli Jokinen wins face-off versus Jason Allison in Flyers zone.
4:50 of 1st period - Olli Jokinen is hit by Adam Burish.
4:56 of 1st period - Slapshot by Chris Pronger.
4:56 of 1st period - Shot Misses the Net.
5:29 of 1st period - Wrist shot by David Vyborny.
5:29 of 1st period - Stopped by Maxime Daigneault without a rebound.
5:30 of 1st period - Kyle Wellwood wins face-off versus Sydney Crosby in Jets zone.
5:55 of 1st period - Mike Commodore is hit by Scott Hannan.
5:59 of 1st period - Wrist shot by Ryane Clowe.
5:59 of 1st period - Stopped by Maxime Daigneault with a rebound.
6:07 of 1st period - Slapshot by Blair Betts.
6:07 of 1st period - Stopped by Maxime Daigneault with a rebound.
6:19 of 1st period - Snap shot by Justin Williams.
6:19 of 1st period - Goal by Justin Williams - Jets : 0 - Flyers : 1.
6:20 of 1st period - Jason Allison wins face-off versus Sydney Crosby in neutral zone.
6:47 of 1st period - Daniel Alfredsson is hit by Olli Jokinen and loses puck.
6:56 of 1st period - Snap shot by Jussi Jokinen.
6:56 of 1st period - Stopped by Mathieu Garon without a rebound.
6:57 of 1st period - Blair Betts wins face-off versus Tuomo Ruutu in Flyers zone.
7:28 of 1st period - Off-side.
7:29 of 1st period - Jason Allison wins face-off versus Sydney Crosby in neutral zone.
7:43 of 1st period - Minor Penalty to Erik Cole for Holding.
7:44 of 1st period - Kyle Wellwood wins face-off versus Olli Jokinen in Flyers zone.
7:48 of 1st period - Minor Penalty to Benoit Pouliot for Holding.
7:49 of 1st period - Sydney Crosby wins face-off versus Jason Allison in Jets zone.
8:27 of 1st period - James Wisniewski is hit by Daniel Alfredsson and loses puck.
9:08 of 1st period - Chris Kunitz is hit by Jussi Jokinen.
9:14 of 1st period - Michael Ryder is hit by Blair Betts and loses puck.
9:33 of 1st period - Snap shot by Daniel Alfredsson.
9:33 of 1st period - Stopped by Mathieu Garon with a rebound.
9:43 of 1st period - Penalty to Erik Cole is over, Erik Cole is back on ice.
9:48 of 1st period - Penalty to Benoit Pouliot is over, Benoit Pouliot is back on ice.
9:57 of 1st period - Snap shot by David Moss.
9:57 of 1st period - Stopped by Maxime Daigneault without a rebound.
9:58 of 1st period - Darroll Powe wins face-off versus Blair Betts in Jets zone.
9:58 of 1st period - Darroll Powe is hit by Ryane Clowe.
11:33 of 1st period - Slapshot by Jason Allison.
11:33 of 1st period - Shot Blocked by Chris Pronger.
11:35 of 1st period - Wrist shot by Adam Burish.
11:35 of 1st period - Stopped by Mathieu Garon with a rebound.
11:37 of 1st period - Backhand shot by Eric Brewer.
11:37 of 1st period - Deflect By Jason Allison.
11:37 of 1st period - Stopped by Mathieu Garon with a rebound.
11:51 of 1st period - Wrist shot by Ryane Clowe.
11:51 of 1st period - Stopped by Maxime Daigneault with a rebound.
11:53 of 1st period - Slapshot by Chris Pronger.
11:53 of 1st period - Stopped by Maxime Daigneault with a rebound.
12:04 of 1st period - Icing by Michal Rozsival.
12:05 of 1st period - Sydney Crosby wins face-off versus Tuomo Ruutu in Jets zone.
12:06 of 1st period - Slapshot by Martin St. Louis.
12:06 of 1st period - Shot Misses the Net.
12:10 of 1st period - Snap shot by Sydney Crosby.
12:10 of 1st period - Stopped by Maxime Daigneault with a rebound.
12:12 of 1st period - Wrist shot by François Beauchemin.
12:12 of 1st period - Stopped by Maxime Daigneault without a rebound.
12:13 of 1st period - Kyle Wellwood wins face-off versus Sydney Crosby in Jets zone.
12:28 of 1st period - Wrist shot by Daniel Alfredsson.
12:28 of 1st period - Goal by Daniel Alfredsson - Jets : 1 - Flyers : 1.
12:29 of 1st period - Sydney Crosby wins face-off versus Jason Allison in neutral zone.
12:54 of 1st period - Daniel Alfredsson is hit by Scottie Upshall and loses puck.
13:23 of 1st period - Snap shot by David Moss.
13:23 of 1st period - Shot Misses the Net.
13:25 of 1st period - Wrist shot by Ryane Clowe.
13:25 of 1st period - Stopped by Maxime Daigneault with a rebound.
13:34 of 1st period - Off-side.
13:35 of 1st period - Jason Allison wins face-off versus Boyd Gordon in neutral zone.
13:49 of 1st period - Wrist shot by Adam Burish.
13:49 of 1st period - Shot Misses the Net.
14:12 of 1st period - Snap shot by Jason Allison.
14:12 of 1st period - Goal by Jason Allison - Jets : 2 - Flyers : 1.
14:13 of 1st period - Kyle Wellwood wins face-off versus Sydney Crosby in neutral zone.
15:13 of 1st period - Michal Rozsival is hit by James Wisniewski and loses puck.
15:28 of 1st period - Snap shot by Chris Kunitz.
15:28 of 1st period - Shot Misses the Net.
15:30 of 1st period - Wrist shot by Justin Williams.
15:30 of 1st period - Stopped by Maxime Daigneault with a rebound.
15:32 of 1st period - Slapshot by Scott Hannan.
15:32 of 1st period - Shot Blocked by Michal Rozsival.
15:34 of 1st period - Slapshot by Scott Hannan.
15:34 of 1st period - Deflect By Justin Williams.
15:34 of 1st period - Shot Misses the Net.
15:34 of 1st period - Puck is out of play.
15:35 of 1st period - Kyle Wellwood wins face-off versus Sydney Crosby in Jets zone.
16:44 of 1st period - Ryane Clowe is hit by Eric Brewer and loses puck.
17:27 of 1st period - Snap shot by Fredrik Sjostrom.
17:27 of 1st period - Shot Misses the Net.
17:29 of 1st period - Slapshot by Dmitri Kalinin.
17:29 of 1st period - Stopped by Mathieu Garon with a rebound.
17:31 of 1st period - Snap shot by Miroslav Satan.
17:31 of 1st period - Stopped by Mathieu Garon with a rebound.
17:37 of 1st period - Wrist shot by Tuomo Ruutu.
17:37 of 1st period - Stopped by Mathieu Garon with a rebound.
17:39 of 1st period - Slapshot by Dmitri Kalinin.
17:39 of 1st period - Stopped by Mathieu Garon with a rebound.
17:41 of 1st period - Snap shot by Tuomo Ruutu.
17:41 of 1st period - Shot Misses the Net.
17:51 of 1st period - Wrist shot by Miroslav Satan.
17:51 of 1st period - Stopped by Mathieu Garon without a rebound.
17:52 of 1st period - Sydney Crosby wins face-off versus Jason Allison in Flyers zone.
18:32 of 1st period - James Wisniewski is hit by Michal Rozsival and loses puck.
19:03 of 1st period - Sydney Crosby is hit by Jason Allison and loses puck.
19:16 of 1st period - Wrist shot by Jussi Jokinen.
19:16 of 1st period - Shot Misses the Net.
19:34 of 1st period - Colin White is hit by Nolan Pratt and loses puck.
19:59 of 1st period - Erik Cole is hit by Dmitri Kalinin.
2nd period
0:01 of 2nd period - Sydney Crosby wins face-off versus Jason Allison in neutral zone.
0:30 of 2nd period - Off-side.
0:31 of 2nd period - Kyle Wellwood wins face-off versus Olli Jokinen in neutral zone.
0:34 of 2nd period - Snap shot by Roman Hamrlik.
0:34 of 2nd period - Stopped by Mathieu Garon with a rebound.
0:36 of 2nd period - Snap shot by Kyle Wellwood.
0:36 of 2nd period - Shot Blocked by Nolan Pratt.
0:38 of 2nd period - Wrist shot by Kyle Wellwood.
0:38 of 2nd period - Shot Misses the Net.
0:50 of 2nd period - Daniel Alfredsson is hit by Mike Lundin and loses puck.
1:17 of 2nd period - Slapshot by Daniel Alfredsson.
1:17 of 2nd period - Goal by Daniel Alfredsson - Jets : 3 - Flyers : 1.
1:18 of 2nd period - Jason Allison wins face-off versus Sydney Crosby in neutral zone.
1:54 of 2nd period - Chris Pronger is hit by Nigel Dawes and loses puck.
2:31 of 2nd period - Backhand shot by Tuomo Ruutu.
2:31 of 2nd period - Stopped by Mathieu Garon without a rebound.
2:32 of 2nd period - Tuomo Ruutu wins face-off versus Sydney Crosby in Flyers zone.
2:33 of 2nd period - Snap shot by Miroslav Satan.
2:33 of 2nd period - Shot Misses the Net.
3:27 of 2nd period - Slapshot by David Moss.
3:27 of 2nd period - Shot Misses the Net.
3:39 of 2nd period - Snap shot by Nigel Dawes.
3:39 of 2nd period - Shot Misses the Net.
4:08 of 2nd period - Wrist shot by Martin St. Louis.
4:08 of 2nd period - Shot Blocked by Mike Commodore.
4:52 of 2nd period - Slapshot by Jason Allison.
4:52 of 2nd period - Stopped by Mathieu Garon with a rebound.
4:54 of 2nd period - Slapshot by Dmitri Kalinin.
4:54 of 2nd period - Deflect By Jason Allison.
4:54 of 2nd period - Shot Blocked by Scott Hannan.
4:54 of 2nd period - Puck is out of play.
4:55 of 2nd period - Sydney Crosby wins face-off versus Kyle Wellwood in Flyers zone.
6:03 of 2nd period - Icing by Colin White.
6:04 of 2nd period - Boyd Gordon wins face-off versus Tuomo Ruutu in Jets zone.
6:21 of 2nd period - Snap shot by Miroslav Satan.
6:21 of 2nd period - Stopped by Mathieu Garon with a rebound.
6:23 of 2nd period - Snap shot by Miroslav Satan.
6:23 of 2nd period - Stopped by Mathieu Garon with a rebound.
6:25 of 2nd period - Wrist shot by Tuomo Ruutu.
6:25 of 2nd period - Shot Misses the Net.
6:27 of 2nd period - Snap shot by Colin White.
6:27 of 2nd period - Stopped by Mathieu Garon without a rebound.
6:28 of 2nd period - Olli Jokinen wins face-off versus Jason Allison in Flyers zone.
6:39 of 2nd period - Wrist shot by Scottie Upshall.
6:39 of 2nd period - Stopped by Maxime Daigneault with a rebound.
6:41 of 2nd period - Snap shot by Olli Jokinen.
6:41 of 2nd period - Shot Misses the Net.
6:43 of 2nd period - Wrist shot by Olli Jokinen.
6:43 of 2nd period - Shot Misses the Net.
6:53 of 2nd period - Chris Pronger is hit by Jussi Jokinen and loses puck.
6:58 of 2nd period - Slapshot by Daniel Alfredsson.
6:58 of 2nd period - Goal by Daniel Alfredsson - Jets : 4 - Flyers : 1.
6:59 of 2nd period - Sydney Crosby wins face-off versus Jason Allison in neutral zone.
7:02 of 2nd period - Backhand shot by François Beauchemin.
7:02 of 2nd period - Stopped by Maxime Daigneault with a rebound.
7:04 of 2nd period - Slapshot by Chris Pronger.
7:04 of 2nd period - Shot Blocked by Eric Brewer.
7:06 of 2nd period - Slapshot by Chris Pronger.
7:06 of 2nd period - Shot Blocked by Adam Burish.
7:07 of 2nd period - Minor Penalty to Erik Cole for Holding.
7:08 of 2nd period - Kyle Wellwood wins face-off versus Chris Kunitz in Flyers zone.
9:07 of 2nd period - Penalty to Erik Cole is over, Erik Cole is back on ice.
9:09 of 2nd period - Erik Cole is hit by Dmitri Kalinin and loses puck.
9:28 of 2nd period - Wrist shot by Sydney Crosby.
9:28 of 2nd period - Stopped by Maxime Daigneault with a rebound.
10:15 of 2nd period - Eric Brewer is hit by Blair Betts.
10:43 of 2nd period - Wrist shot by Scottie Upshall.
10:43 of 2nd period - Shot Misses the Net.
11:10 of 2nd period - Chris Kunitz is hit by Daniel Alfredsson and loses puck.
11:17 of 2nd period - Colin White is hit by Boyd Gordon and loses puck.
11:32 of 2nd period - David Vyborny is hit by Miroslav Satan and loses puck.
11:47 of 2nd period - François Beauchemin is hit by Dmitri Kalinin.
12:05 of 2nd period - Sydney Crosby is hit by Jason Allison and loses puck.
12:31 of 2nd period - Mike Commodore is hit by Mike Lundin and loses puck.
12:47 of 2nd period - Sydney Crosby is hit by Roman Hamrlik and loses puck.
12:58 of 2nd period - Michael Ryder is hit by Blair Betts and loses puck.
13:03 of 2nd period - Slapshot by David Moss.
13:03 of 2nd period - Shot Misses the Net.
13:05 of 2nd period - Slapshot by François Beauchemin.
13:05 of 2nd period - Deflect By Ryane Clowe.
13:05 of 2nd period - Stopped by Maxime Daigneault with a rebound.
13:07 of 2nd period - Snap shot by François Beauchemin.
13:07 of 2nd period - Stopped by Maxime Daigneault without a rebound.
13:08 of 2nd period - Jason Allison wins face-off versus Olli Jokinen in Jets zone.
13:23 of 2nd period - Jason Allison is hit by Olli Jokinen and loses puck.
14:32 of 2nd period - Backhand shot by Nolan Pratt.
14:32 of 2nd period - Shot Hit the Post.
14:46 of 2nd period - Backhand shot by Michael Ryder.
14:46 of 2nd period - Shot Misses the Net.
14:48 of 2nd period - Snap shot by Darroll Powe.
14:48 of 2nd period - Shot Blocked by Chris Kunitz.
14:50 of 2nd period - Slapshot by Eric Brewer.
14:50 of 2nd period - Deflect By Michael Ryder.
14:50 of 2nd period - Goal by Michael Ryder - Jets : 5 - Flyers : 1.
14:50 of 2nd period - Chris Mason enters game.
14:51 of 2nd period - Olli Jokinen wins face-off versus Jason Allison in neutral zone.
15:16 of 2nd period - Olli Jokinen is hit by Michal Rozsival and loses puck.
15:37 of 2nd period - Slapshot by Scottie Upshall.
15:37 of 2nd period - Shot Misses the Net.
15:40 of 2nd period - Minor Penalty to Jussi Jokinen for Hooking.
15:41 of 2nd period - Sydney Crosby wins face-off versus Darroll Powe in Jets zone.
17:07 of 2nd period - Nigel Dawes is hit by Blair Betts and loses puck.
17:14 of 2nd period - Blair Betts is hit by Dmitri Kalinin and loses puck.
17:40 of 2nd period - Penalty to Jussi Jokinen is over, Jussi Jokinen is back on ice.
17:59 of 2nd period - Colin White is hit by François Beauchemin and loses puck.
18:06 of 2nd period - Chris Kunitz is hit by Michal Rozsival and loses puck.
18:17 of 2nd period - Scott Hannan is hit by Fredrik Sjostrom and loses puck.
18:19 of 2nd period - Minor Penalty to Boyd Gordon for Hooking.
18:20 of 2nd period - Olli Jokinen wins face-off versus Jason Allison in Flyers zone.
18:29 of 2nd period - Slapshot by Michal Rozsival.
18:29 of 2nd period - Stopped by Chris Mason without a rebound.
18:30 of 2nd period - Jason Allison wins face-off versus Olli Jokinen in Flyers zone.
19:15 of 2nd period - Martin St. Louis is hit by Daniel Alfredsson and loses puck.
3rd period
0:01 of 3rd period - Kyle Wellwood wins face-off versus Erik Cole in neutral zone.
0:16 of 3rd period - Snap shot by Benoit Pouliot.
0:16 of 3rd period - Stopped by Chris Mason without a rebound.
0:17 of 3rd period - Erik Cole wins face-off versus Kyle Wellwood in Flyers zone.
0:17 of 3rd period - Erik Cole is hit by Kyle Wellwood.
0:19 of 3rd period - Penalty to Boyd Gordon is over, Boyd Gordon is back on ice.
0:29 of 3rd period - Nolan Pratt is hit by Benoit Pouliot and loses puck.
0:40 of 3rd period - Wrist shot by Darroll Powe.
0:40 of 3rd period - Stopped by Chris Mason with a rebound.
1:05 of 3rd period - Wrist shot by Martin St. Louis.
1:05 of 3rd period - Deflect By Sydney Crosby.
1:05 of 3rd period - Shot Blocked by Miroslav Satan.
1:05 of 3rd period - Puck is out of play.
1:06 of 3rd period - Jason Allison wins face-off versus Olli Jokinen in Jets zone.
1:13 of 3rd period - Slapshot by Benoit Pouliot.
1:13 of 3rd period - Stopped by Chris Mason without a rebound.
1:14 of 3rd period - Olli Jokinen wins face-off versus Jason Allison in Flyers zone.
1:42 of 3rd period - Adam Burish is hit by James Wisniewski and loses puck.
1:47 of 3rd period - Snap shot by Scottie Upshall.
1:47 of 3rd period - Stopped by Maxime Daigneault with a rebound.
1:49 of 3rd period - Snap shot by Scottie Upshall.
1:49 of 3rd period - Stopped by Maxime Daigneault without a rebound.
1:50 of 3rd period - Sydney Crosby wins face-off versus Kyle Wellwood in Jets zone.
1:56 of 3rd period - Sydney Crosby and Michal Rozsival fight to a draw.
1:56 of 3rd period - Penalty to Sydney Crosby for Fighting.
1:56 of 3rd period - Penalty to Michal Rozsival for Fighting.
1:57 of 3rd period - Jason Allison wins face-off versus Olli Jokinen in Jets zone.
2:22 of 3rd period - Ryane Clowe is hit by Dmitri Kalinin and loses puck.
3:19 of 3rd period - Snap shot by Blair Betts.
3:19 of 3rd period - Stopped by Maxime Daigneault without a rebound.
3:20 of 3rd period - Darroll Powe wins face-off versus Blair Betts in Jets zone.
3:36 of 3rd period - Wrist shot by Darroll Powe.
3:36 of 3rd period - Shot Misses the Net.
3:58 of 3rd period - Icing by Nolan Pratt.
3:59 of 3rd period - Blair Betts wins face-off versus Jason Allison in Flyers zone.
4:06 of 3rd period - Wrist shot by Ryane Clowe.
4:06 of 3rd period - Deflect By Benoit Pouliot.
4:06 of 3rd period - Stopped by Maxime Daigneault with a rebound.
4:08 of 3rd period - Slapshot by François Beauchemin.
4:08 of 3rd period - Stopped by Maxime Daigneault with a rebound.
4:28 of 3rd period - Slapshot by David Moss.
4:28 of 3rd period - Shot Misses the Net.
4:30 of 3rd period - Backhand shot by Scott Hannan.
4:30 of 3rd period - Deflect By Blair Betts.
4:30 of 3rd period - Shot Misses the Net.
4:30 of 3rd period - Puck is out of play.
4:31 of 3rd period - Jason Allison wins face-off versus Olli Jokinen in Jets zone.
5:46 of 3rd period - Michael Ryder is hit by Martin St. Louis and loses puck.
6:33 of 3rd period - Erik Cole is hit by Fredrik Sjostrom and loses puck.
7:41 of 3rd period - Scott Hannan is hit by Colin White.
7:55 of 3rd period - Wrist shot by Justin Williams.
7:55 of 3rd period - Stopped by Maxime Daigneault with a rebound.
8:01 of 3rd period - Justin Williams is hit by Miroslav Satan and loses puck.
8:33 of 3rd period - Michal Rozsival is hit by Scottie Upshall.
8:37 of 3rd period - Wrist shot by Scottie Upshall.
8:37 of 3rd period - Goal by Scottie Upshall - Jets : 5 - Flyers : 2.
8:38 of 3rd period - Jason Allison wins face-off versus Sydney Crosby in neutral zone.
8:41 of 3rd period - Wrist shot by Jason Allison.
8:41 of 3rd period - Shot Misses the Net.
8:43 of 3rd period - Wrist shot by Benoit Pouliot.
8:43 of 3rd period - Deflect By Jason Allison.
8:43 of 3rd period - Stopped by Chris Mason without a rebound.
8:44 of 3rd period - Jason Allison wins face-off versus Sydney Crosby in Flyers zone.
8:49 of 3rd period - Wrist shot by Adam Burish.
8:49 of 3rd period - Stopped by Chris Mason without a rebound.
8:50 of 3rd period - Jason Allison wins face-off versus Sydney Crosby in Flyers zone.
8:56 of 3rd period - Off-side.
8:57 of 3rd period - Jason Allison wins face-off versus Sydney Crosby in neutral zone.
9:30 of 3rd period - Wrist shot by Kyle Wellwood.
9:30 of 3rd period - Stopped by Chris Mason with a rebound.
10:30 of 3rd period - Wrist shot by Chris Kunitz.
10:30 of 3rd period - Shot Blocked by Mike Commodore.
10:32 of 3rd period - Wrist shot by Justin Williams.
10:32 of 3rd period - Stopped by Maxime Daigneault without a rebound.
10:33 of 3rd period - Boyd Gordon wins face-off versus Jason Allison in Jets zone.
10:40 of 3rd period - Wrist shot by Chris Kunitz.
10:40 of 3rd period - Shot Misses the Net.
10:46 of 3rd period - Slapshot by Michal Rozsival.
10:46 of 3rd period - Deflect By Chris Kunitz.
10:46 of 3rd period - Stopped by Chris Mason with a rebound.
11:26 of 3rd period - Slapshot by Fredrik Sjostrom.
11:26 of 3rd period - Stopped by Chris Mason with a rebound.
11:28 of 3rd period - Snap shot by Mike Commodore.
11:28 of 3rd period - Stopped by Chris Mason with a rebound.
11:30 of 3rd period - Snap shot by Fredrik Sjostrom.
11:30 of 3rd period - Stopped by Chris Mason without a rebound.
11:31 of 3rd period - Jason Allison wins face-off versus Olli Jokinen in Flyers zone.
11:44 of 3rd period - Scottie Upshall is hit by Jason Allison and loses puck.
12:40 of 3rd period - Benoit Pouliot is hit by Scottie Upshall and loses puck.
12:54 of 3rd period - Minor Penalty to Eric Brewer for Roughing.
12:55 of 3rd period - Sydney Crosby wins face-off versus Darroll Powe in Jets zone.
14:03 of 3rd period - Adam Burish is hit by Olli Jokinen and loses puck.
14:20 of 3rd period - Dmitri Kalinin is hit by Chris Pronger and loses puck.
14:54 of 3rd period - Penalty to Eric Brewer is over, Eric Brewer is back on ice.
14:57 of 3rd period - Mike Commodore is hit by David Moss and loses puck.
15:04 of 3rd period - Off-side.
15:05 of 3rd period - Blair Betts wins face-off versus Fredrik Sjostrom in neutral zone.
15:08 of 3rd period - Snap shot by David Moss.
15:08 of 3rd period - Shot Misses the Net.
15:10 of 3rd period - Wrist shot by Ryane Clowe.
15:10 of 3rd period - Stopped by Maxime Daigneault with a rebound.
15:12 of 3rd period - Backhand shot by Nolan Pratt.
15:12 of 3rd period - Stopped by Maxime Daigneault with a rebound.
15:14 of 3rd period - Wrist shot by Ryane Clowe.
15:14 of 3rd period - Shot Blocked by Colin White.
15:16 of 3rd period - Snap shot by David Moss.
15:16 of 3rd period - Stopped by Maxime Daigneault without a rebound.
15:17 of 3rd period - Kyle Wellwood wins face-off versus Martin St. Louis in Jets zone.
15:30 of 3rd period - Snap shot by Martin St. Louis.
15:30 of 3rd period - Goal by Martin St. Louis - Jets : 5 - Flyers : 3.
15:31 of 3rd period - Martin St. Louis wins face-off versus Jason Allison in neutral zone.
16:27 of 3rd period - Off-side.
16:28 of 3rd period - Sydney Crosby wins face-off versus Jason Allison in neutral zone.
16:38 of 3rd period - Minor Penalty to Scott Hannan for Goalie Interference.
16:39 of 3rd period - Olli Jokinen wins face-off versus Daniel Alfredsson in Flyers zone.
16:39 of 3rd period - Olli Jokinen is hit by Daniel Alfredsson.
17:05 of 3rd period - Nolan Pratt is hit by Eric Brewer and loses puck.
18:35 of 3rd period - Nolan Pratt is hit by Dmitri Kalinin and loses puck.
18:38 of 3rd period - Penalty to Scott Hannan is over, Scott Hannan is back on ice.
Output by the SimonT Hockey Simulator (STHS) for François Prévost -- Original Page W3C XHTML 1.0 Valid